 Dungeon Sprint DCSS version 0.31-a0-806-g0bc164a743 (webtiles) character file.

Game seed: 8950544698154842750

30 Conn the Firebug (level 3, -6/21 HPs)
             Began as an Octopode Fire Elementalist on Sept 21, 2023.
             Was a Follower of Sif Muna.
             Mangled by a meliai (shapeshifter) (11 damage)
             ... in the Dungeon (Sprint V: "Ziggurat Sprint").
             The game lasted 00:03:23 (158 turns).

Conn the Firebug (Octopode Fire Elementalist)        Turns: 158, Time: 00:03:23

Health: -6/21      AC:  1    Str: 23    XL:     3   Next: 20%
Magic:  5/7        EV: 14    Int: 35    God:    Sif Muna [*.....]
Gold:   0          SH:  0    Dex: 24    Spells: 5/8 levels left

rFire   + + +        C - +7 great mace "Firestarter" {flame, immolate, rFlCloud rF++}
rCold   + . .        (shield currently unavailable)
rNeg    . . .        (helmet restricted)
rPois   +            (no amulet)
rElec   +            s - +6 ring of intelligence
rCorr   +            t - +6 ring of intelligence
SInv    .            u - +6 ring of strength
Will    .....        q - +6 ring of dexterity
Stlth   ++++         r - +6 ring of dexterity
HPRegen 0.23/turn    v - +6 ring of strength
MPRegen 0.10/turn    p - ring of flight
                     E - ring "Ekhesm" {Wiz *Corrode Str+4 Int+4}

%: no teleportation, corrode self (3%), wizardry (x1)
@: resistant, flying, invisible
A: almost no armour, amphibious, 8 rings, camouflage 1, gelatinous body 1,
(nimble swimmer 1), tentacles
a: Renounce Religion, Channel Magic


You were in the Dungeon.
You worshipped Sif Muna.
Sif Muna was aware of your devotion.
You visited 1 branch

Inventory:

Hand Weapons
 z - the +6 Majin-Bo {spellvamp, MP+6 Int+6}
   (You found it in the Dungeon)

   Int+6:     It affects your intelligence (+6).
   MP+6:      It affects your magic capacity (+6).
 A - the +27 heavy crossbow "Sniper" {heavy, Acc+∞ SInv}
   (You found it in the Dungeon)

   Acc+∞: It never misses its target.
   SInv:      It lets you see invisible.
 C - the +7 great mace "Firestarter" (weapon) {flame, immolate, rFlCloud rF++}
   (You found it in the Dungeon)

   rFlCloud:  It grants immunity to clouds of flame.
   rF++:      It greatly protects you from fire.
 D - the +8 lance "Wyrmbane" {slay drac, rPois rF+ rC+ AC+3}
   (You found it in the Dungeon)

   AC+3:      It affects your AC (+3).
   rF+:       It protects you from fire.
   rC+:       It protects you from cold.
   rPois:     It protects you from poison
Armour
 B - the +18 shield of the Gong {Loud rN+ Will+ rCorr EV-5}
   (You found it in the Dungeon)

   Loud:      It is deafeningly noisy when blocking attacks.
   EV-5:      It affects your evasion (-5).
   rN+:       It protects you from negative energy.
   Will+:     It increases your willpower.
   rCorr:     It protects you from acid and corrosion.
Jewellery
 p - a ring of flight (on tentacle)
 q - a +6 ring of dexterity (on tentacle)
 r - a +6 ring of dexterity (on tentacle)
 s - a +6 ring of intelligence (left tentacle)
 t - a +6 ring of intelligence (right tentacle)
 u - a +6 ring of strength (on tentacle)
 v - a +6 ring of strength (on tentacle)
 E - the ring "Ekhesm" (on tentacle) {Wiz *Corrode Str+4 Int+4}
   (You found it in the Dungeon)

   [ring of wizardry]

   Wiz:       It improves your spell success rate.
   Str+4:     It affects your strength (+4).
   Int+4:     It affects your intelligence (+4).
   *Corrode:  It may corrode you when you take damage.
Wands
 w - a wand of mindburst (7)
 x - a wand of iceblast (6)
 y - a wand of acid (7)
Scrolls
 f - 4 scrolls of blinking
 l - 4 scrolls of amnesia
 m - 7 scrolls of fog
 n - 5 scrolls of identify
 o - a scroll of fear
Potions
 a - 8 potions of magic
 b - 10 potions of curing
 c - 10 potions of heal wounds
 d - 6 potions of haste
 e - 3 potions of berserk rage
 g - 2 potions of brilliance
 h - a potion of invisibility
 i - 3 potions of resistance
 j - a potion of experience
 k - 5 potions of might


   Skills:
 + Level 0.4 Maces & Flails
 + Level 2.7 Dodging
 + Level 3.6 Stealth
 + Level 3.1 Spellcasting
 + Level 1.0 Conjurations
 + Level 5.5 Fire Magic


You had 5 spell levels left.
You knew the following spells:

 Your Spells              Type           Power      Damage    Failure   Level
a - Foxfire               Conj/Fire      100%       2x1d9     1%          1
b - Scorch                Fire           88%        2d8       1%          2

Your spell library contained the following spells:

 Spells                   Type           Power      Damage    Failure   Level
 Inner Flame              Hex/Fire       24%        N/A       1%          3
 Volatile Blastmotes      Fire/Tloc      48%        2d14      1%          3
 Flame Wave               Conj/Fire      28%        2d9       5%          4


Dungeon Overview and Level Annotations

Branches:
Dungeon (1/1)

Altars:
Ashenzari
Cheibriados
Dithmenos
Elyvilon
Fedhas
Gozag
Hepliaklqana
Kikubaaqudgha
Makhleb
Nemelex Xobeh
Okawaru
Qazlal
Ru
Sif Muna
Trog
Uskayaw
Vehumet
Wu Jian
Xom
Yredelemnul
Zin
The Shining One
Jiyva
Lugonu

Annotations:
D 1 transporter


Innate Abilities, Weirdness & Mutations

You cannot wear most types of armour.
You are amphibious.
You can wear up to eight rings at the same time.
Your skin changes colour to match your surroundings (Stealth+).
Your rubbery body absorbs attacks. (AC +1, EV +1)
((You are camouflaged when in or above water. (Stealth+)))
You have tentacles for arms and can constrict up to eight enemies at once.


Message History

Flame seeps out of the water elemental.
The water elemental is severely damaged.
The water elemental's fire resistance burns away.
The meliai completely misses you. The meliai stings you.
The water elemental is engulfed in blazing flames.
Flame seeps out of the water elemental.
Unknown command.
Unknown command.
Unknown command.
Unknown command.
Unknown command.
Casting: Scorch (safe; 1% risk of failure)
Confirm with . or Enter, or press ? or * to list all spells.
You don't know that spell.
Casting: Scorch (safe; 1% risk of failure)
Confirm with . or Enter, or press ? or * to list all spells.
Okay, then.
Unknown command.
Unknown command.
Unknown command.
Unknown command.
Unknown command.
Aiming: Iceblast
Press: ? - help, Shift-Dir - straight line The mass of ice explodes!
The iceblast engulfs the deep elf zephyrmancer!
The deep elf zephyrmancer is moderately wounded.
The iceblast engulfs the water elemental!
Sif Muna accepts your kill.
You can now call upon Sif Muna for magical energy.
The water elemental explodes!
The fiery explosion engulfs the deep elf zephyrmancer!!
You kill the deep elf zephyrmancer!
Sif Muna accepts your kill. The meliai hits you!
Ouch! That really hurt!
* * * LOW HITPOINT WARNING * * *
The meliai stings you!
Ouch! That really hurt!
You die...

▓▓▓▓▓▓▓▓▓▓▓▓▓
▓.8©8.▓.8©8.▓
▓.![:.▓.....▓
▓§§...▓.[...▓
▓.§...▓.....▓
▓○§§..▓.....▓
▓.....▓..©..▓
▓@y©..▓▓▓▓▓▓▓
▓▓▓▓▓▓▓


You could see a meliai shaped shifter (unable to see you).

Vanquished Creatures
  A deep elf zephyrmancer (D)
  A water elemental (D)
  A jelly (D)
  An endoplasm (D)
4 creatures vanquished.

Vanquished Creatures (others)
  6 foxfires (D)
6 creatures vanquished.

Grand Total: 10 creatures vanquished

Notes
Turn   | Place    | Note
-------+----------+-------------------------------------------
     0 | D        | Conn the Octopode Fire Elementalist began the quest for the
                  | Orb.
     0 | D        | Reached XP level 1. HP: 11/11 MP: 3/3
     0 | D        | Found a shimmering blue altar of Sif Muna.
     0 | D        | Found a bloodstained altar of Trog.
     0 | D        | Found a sacrificial altar of Ru.
     0 | D        | Found a stormy altar of Qazlal.
     0 | D        | Found an iron altar of Okawaru.
     1 | D        | Found a sparkling altar of Nemelex Xobeh.
     1 | D        | Found a blossoming altar of Fedhas.
     1 | D        | Found the +6 Majin-Bo {spellvamp, MP+6 Int+6}
     1 | D        | Found the +27 heavy crossbow "Sniper" {heavy, Acc+∞ SInv}
     1 | D        | Found the +10 dark maul {heavy}
     1 | D        | Found the +15 Maxwell's patent armour {-Cast -Tele rElec
                  | Will+ rCorr}
     1 | D        | Found the +18 shield of the Gong {Loud rN+ Will+ rCorr
                  | EV-5}
     1 | D        | Found the +16 obsidian axe {drain, demonic, Mesm Drain Fly
                  | SInv}
     1 | D        | Found the +7 great mace "Firestarter" {flame, immolate,
                  | rFlCloud rF++}
     1 | D        | Found the +6 shillelagh "Devastator" {shatter}
     1 | D        | Found the +11 plutonium sword {Contam Stlth-}
     1 | D        | Found the +8 lance "Wyrmbane" {slay drac, rPois rF+ rC+
                  | AC+3}
     1 | D        | Found the +9 sword of Zonguldrok {reap}
     1 | D        | Found the +13 scythe of Curses {drain, curses, Drain}
     1 | D        | Found the +9 sword of Power {lifebolt}
     1 | D        | Found the +7 mace of Variability {chaos, chaos arc}
     1 | D        | Found the +11 Singing Sword {sonic wave}
     1 | D        | Found the +8 storm bow {elec, penet}
     3 | D        | Found a transporter.
     3 | D        | Found an ancient bone altar of Kikubaaqudgha.
     3 | D        | Found a viscous altar of Jiyva.
     3 | D        | Found a corrupted altar of Lugonu.
     3 | D        | Found a hazy altar of Hepliaklqana.
     3 | D        | Found a burning altar of Makhleb.
     3 | D        | Found an opulent altar of Gozag.
    50 | D        | Became a worshipper of Sif Muna the Loreminder
    73 | D        | Entered arena 2.
    73 | D        | Noticed a jelly
    73 | D        | Found a transporter.
    77 | D        | Killed a jelly
    78 | D        | Reached skill level 5 in Fire Magic
    78 | D        | Reached XP level 2. HP: 17/17 MP: 0/6
    78 | D        | Reached XP level 3. HP: 21/21 MP: 0/7
    81 | D        | Got the ring "Ekhesm" {Wiz *Corrode Str+4 Int+4}
   145 | D        | Entered arena 3.
   145 | D        | Noticed a water elemental
   145 | D        | Noticed an entropy weaver
   145 | D        | Noticed a deep elf zephyrmancer
   145 | D        | Found a transporter.
   151 | D        | Learned a level 2 spell: Scorch
   153 | D        | an entropy weaver changed into a meliai
   153 | D        | Noticed a meliai (shapeshifter)
   158 | D        | Killed a water elemental
   158 | D        | Reached * piety under Sif Muna
   158 | D        | Killed a deep elf zephyrmancer
   158 | D        | Mangled by a meliai (shapeshifter)

Illustrated notes

Levels and vault maps discovered:
D:        sprint_v [room_start, room_1, room_2, room_3, room_4, room_5, room_6,
          room_7, room_8, room_9, room_10, room_11, room_12, room_13, room_14,
          room_15, room_16, room_17, room_18, room_19, room_20, room_21,
          room_22, room_23, room_24, room_25, room_26, room_27]

Skill      XL: |  1 |
---------------+----+-----
Stealth        | 3 |  3.6
Spellcasting   | 3 |  3.1
Fire Magic     | 5 |  5.5
Maces & Flails | |  0.4
Dodging        | |  2.7
Conjurations   | |  1.0

Action                     || total
---------------------------++-------
  Melee: Great mace        ||     2
   Cast: Foxfire           ||     3
         Scorch            ||     1
  Evoke: Wand              ||     1
    Use: Potion            ||     2
         Scroll            ||     1
 Armour: Skin              ||     3
  Dodge: Dodged            ||    10

Table legend: (Time is in decaauts)
 A = Elapsed time spent in this place.
 B = Non-inter-level travel time spent in this place.
 C = Inter-level travel time spent in this place.
 D = Time resting spent in this place.
 E = Time spent auto-exploring this place.
 F = Levels seen in this place.
 G = Mean time per level.
                   A        B        C        D        E       F      G
               +--------+--------+--------+--------+--------+-----+--------+
         Total |    154 |    154 |      0 |     60 |      0 |   1 |  154.0 |
       Dungeon |    154 |    154 |      0 |     60 |      0 |   1 |  154.0 |
               +--------+--------+--------+--------+--------+-----+--------+

Top non-repeatable levels by time:
       D: 154 daAuts
